 Dungeon Crawl Stone Soup version 0.25-a0-1071-g2607d5cfa1 (webtiles) character file.

Game seed: 323081517160538298, levelgen mode: deterministic

173 Maedhros the Insei (level 5, -9/33 HPs)
             Began as an Octopode Artificer on May 14, 2020.
             Shot with an arrow by a centaur (12 damage)
             ... on level 5 of the Dungeon.
             The game lasted 00:02:28 (493 turns).

Maedhros the Insei (Octopode Artificer)              Turns: 493, Time: 00:02:28

Health: -9/33      AC:  1    Str: 11    XL:     5   Next: 53%
Magic:  7/7        EV: 13    Int: 14    God:
Gold:   90         SH:  0    Dex: 13    Spells: 4/4 levels left

rFire    . . .     SeeInvis .   a - +0 short sword
rCold    . . .     Gourm    .   (no shield)
rNeg     . . .     Faith    .   (helmet restricted)
rPois    .         Spirit   .   (no amulet)
rElec    .         Reflect  .   (no ring)
rCorr    .         Harm     .   (no ring)
MR       .....                  (no ring)
Stlth    +++.......             (no ring)
HPRegen  0.11/turn              (no ring)
MPRegen  0.10/turn              (no ring)
                                (no ring)
                                (no ring)

@: no status effects
A: almost no armour, stealthy swim, amphibious, 8 rings, constrict 8, camouflage
1, gelatinous body 1
a: no special abilities


You were on level 5 of the Dungeon.
You were not hungry.

You visited 1 branch of the dungeon, and saw 5 of its levels.

You collected 90 gold pieces.

Inventory:

Hand Weapons
 a - a +0 short sword (weapon)
Armour
 k - a +0 kite shield
Wands
 b - a wand of flame (13)
 c - a wand of enslavement (11)
 d - a wand of random effects (8)
Scrolls
 i - a scroll of fear {unknown}
 j - a scroll of remove curse {unknown}
 m - a scroll of amnesia {unknown}
 n - 5 scrolls of identify {unknown}
 o - a scroll of enchant weapon {unknown}
Potions
 e - a potion of ambrosia {unknown}
 h - a potion of stabbing {unknown}
 l - 3 potions of heal wounds {unknown}
Comestibles
 f - a ration


   Skills:
 - Level 1.0 Fighting
 - Level 1.0 Short Blades
 - Level 2.0 Dodging
 - Level 4.0 Stealth
 + Level 4.3 Unarmed Combat
 - Level 3.2 Evocations


You had 4 spell levels left.
You didn't know any spells.
Your spell library was empty.

Dungeon Overview and Level Annotations

Branches:
Dungeon (5/15)
 Temple: D:4-7

Altars:
Ashenzari


Innate Abilities, Weirdness & Mutations

You cannot wear most types of armour.
You are very stealthy in the water. (Stealth+)
You are amphibious.
You can wear up to eight rings at the same time.
You can use your tentacles to constrict eight enemies at once.
Your skin changes colour to match your surroundings (Stealth+).
Your rubbery body absorbs attacks. (AC +1, EV +1)


Message History

Press: ? - help, Shift-Dir - straight line, f - centaur
Aim: a centaur, wielding a +0 shortbow and quivering 15 arrows (chance to defeat MR: 55%)
The centaur resists with significant effort.
The worker ant twitches its antennae in your direction.
The centaur shoots an arrow.
The arrow hits you!
Evoke which item? (* to show all) (? for menu, Esc to quit)
Aiming: Enslavement
Press: ? - help, Shift-Dir - straight line, f/p - centaur
Aim: a centaur, wielding a +0 shortbow and quivering 14 arrows (chance to defeat MR: 55%)
The centaur resists with significant effort.
The centaur shoots an arrow.
The arrow hits you.
Evoke which item? (* to show all) (? for menu, Esc to quit)
Aiming: Enslavement
Press: ? - help, Shift-Dir - straight line, f/p - centaur
Aim: a centaur, wielding a +0 shortbow and quivering 13 arrows (chance to defeat MR: 55%)
The centaur resists with significant effort.
The centaur shoots an arrow.
The arrow hits you!
* * * LOW HITPOINT WARNING * * *
The centaur shoots an arrow.
The arrow hits you!
You die...

### #.... #....
... ..c.#..5#
.........
.....?#a## ##
......... .#
........# ####+#.#
#@####......######
#.(..'............
#.####............
#.# #...........>
#.# #............
#.###.......####
#...........#
#.#.........# ###
#.#....####.####..


You could see a centaur, a worker ant and a crimson imp.

Vanquished Creatures
  A phantom (D:4)
  A jelly (D:5)
  An adder (D:4)
  A dart slug (D:1)
  2 leopard geckos (D:1)
  2 goblins (D:1)
  2 hobgoblins (D:1)
  A quokka (D:4)
  2 ball pythons (D:1)
  3 bats (D:1)
  A frilled lizard (D:1)
  A rat (D:1)
18 creatures vanquished.

Vanquished Creatures (collateral kills)
  2 worker ants (D:4)
2 creatures vanquished.

Grand Total: 20 creatures vanquished

Notes
Turn   | Place    | Note
-------+----------+-------------------------------------------
     0 | D:1      | Maedhros the Octopode Artificer began the quest for the
                  | Orb.
     0 | D:1      | Reached XP level 1. HP: 13/13 MP: 3/3
   107 | D:1      | Reached XP level 2. HP: 18/18 MP: 4/4
   127 | D:1      | Found a shattered altar of Ashenzari.
   319 | D:4      | Reached skill level 1 in Unarmed Combat
   319 | D:4      | Reached XP level 3. HP: 18/23 MP: 5/5
   386 | D:4      | Noticed a phantom
   403 | D:4      | Killed a phantom
   403 | D:4      | Reached XP level 4. HP: 28/28 MP: 6/6
   403 | D:4      | Reached XP level 5. HP: 33/33 MP: 7/7
   455 | D:5      | Entered Level 5 of the Dungeon
   489 | D:5      | Noticed a centaur
   493 | D:5      | Shot with an arrow by a centaur

Illustrated notes

Levels and vault maps discovered:
D:1:      lightli_arrival_lavapool, layout_basic, nicolae_ashenzari_panopticon
D:2:      layout_basic
D:3:      layout_basic, lemuel_doored_altar, first_ration
D:4:      layout_cave_pools, lemuel_statue_altar
D:5:      layout_basic, minmay_temple_entry_overgrown, serial_shops,
          nicolae_shop_temple_entry_statues_fountains

Skill      XL: |  1  2  3  4  5 |
---------------+----------------+-----
Stealth        | 2 4 |  4.0
Unarmed Combat | 1 3 4 |  4.3
Fighting       | |  1.0
Short Blades   | |  1.0
Dodging        | |  2.0
Evocations     | |  3.2

Action                   |  1- 3 |  4- 6 || total
-------------------------+-------+-------++-------
Melee: Short sword       |    30 |     1 ||    31
       Constrict         |     6 |       ||     6
       Tentacles         |     4 |       ||     4
Evoke: Wand              |     8 |     5 ||    13
 Stab: Sleeping          |     9 |       ||     9
       Paralysed         |     6 |       ||     6
Dodge: Dodged            |     9 |     1 ||    10

Table legend:
 A = Non-vault XP
 B = Vault XP
 C = Vault XP percentage of total XP
 D = Non-vault monster count
 E = Vault monster count
 F = Vault count percentage of total count
                 A         B        C        D         E       F
            +---------+---------+-------+---------+---------+-------
      Total |     248 |       0 |   0.0 |      20 |       0 |   0.0
            +---------+---------+-------+---------+---------+-------
        D:1 |      26 |       0 |   0.0 |      14 |       0 |   0.0
        D:4 |     180 |       0 |   0.0 |       5 |       0 |   0.0
        D:5 |      42 |       0 |   0.0 |       1 |       0 |   0.0
            +---------+---------+-------+---------+---------+-------
